TOP OF THE 1ST |
---|
Arkansas Razorbacks batting - Pitching for Nebraska Cornhuskers : LHP Randy Leonard | Pitching: LHP Randy Leonard | | Batting: SHB Doug Thompson | 0-0: Ball 1-0: Foul Ball, location: 2F 1-1: Ground out 1-3 (Groundball, P) | Batting: RHB Hank Brown | 0-0: Ball 1-0: Ball 2-0: Swinging Strike 2-1: SINGLE (Line Drive, 4MD) | Batting: RHB Stuart Mitchell | 0-0: Hit by Pitch Hank Brown to second | Batting: RHB Peter Bannatyne | 0-0: Ball 1-0: Ball 2-0: Ball 3-0: Called Strike 3-1: Base on Balls Hank Brown to third Stuart Mitchell to second | Batting: RHB Kyle Younger | 0-0: Called Strike 0-1: Ball 1-1: Called Strike 1-2: Ground out 4-3 (Groundball, 4MS) Hank Brown scores Stuart Mitchell to third Peter Bannatyne to second | Batting: RHB Miguel Márquez | 0-0: Foul Ball, location: 2F 0-1: Ball 1-1: Ball 2-1: Called Strike 2-2: Strikes out looking | Top of the 1st over - 1 run, 1 hit, 0 errors, 2 left on base; Arkansas 1 - Nebraska 0 | BOTTOM OF THE 1ST |
---|
Nebraska Cornhuskers batting - Pitching for Arkansas Razorbacks : RHP William Stephens | Pitching: RHP William Stephens | | Batting: RHB Ronald Hodge | 0-0: Foul Ball, location: 2F 0-1: Called Strike 0-2: Ball 1-2: Foul Ball, location: 2F 1-2: Ball 2-2: Ball 3-2: Foul Ball, location: 2F 3-2: Foul Ball, location: 2F 3-2: Fly out, F8 (Flyball, 8RD) | Batting: RHB John Carr | 0-0: Ball 1-0: Ball 2-0: Ball 3-0: Base on Balls | Batting: LHB Luis García | 0-0: Ball 1-0: Ball 2-0: Swinging Strike 2-1: Ball 3-1: Base on Balls John Carr to second | Batting: LHB Wes Britton | 0-0: Foul Ball, location: 2F 0-1: Ball 1-1: Ball 2-1: Grounds into double play, 6-4-3 (Groundball, 6) | Bottom of the 1st over - 0 runs, 0 hits, 0 errors, 1 left on base; Arkansas 1 - Nebraska 0 | TOP OF THE 2ND |
---|
Arkansas Razorbacks batting - Pitching for Nebraska Cornhuskers : LHP Randy Leonard | Batting: LHB Edgardo Aguilar | 0-0: Ball 1-0: Ground out U3 (Groundball, 34) | Batting: LHB Conan Brown | 0-0: Called Strike 0-1: Called Strike 0-2: Foul Ball, location: 2F 0-2: Strikes out looking | Batting: RHB Ken Long | 0-0: Called Strike 0-1: Ball 1-1: Ball 2-1: Ball 3-1: Base on Balls | Batting: SHB Doug Thompson | 0-0: Called Strike Ken Long steals 2nd base 0-1: Foul Ball, location: 2F 0-2: Strikes out swinging | Top of the 2nd over - 0 runs, 0 hits, 0 errors, 1 left on base; Arkansas 1 - Nebraska 0 | BOTTOM OF THE 2ND |
---|
Nebraska Cornhuskers batting - Pitching for Arkansas Razorbacks : RHP William Stephens | Batting: SHB David Stanley | 0-0: Called Strike 0-1: Foul Ball, location: 2F 0-2: Ball 1-2: Foul Ball, location: 2F 1-2: Fly out, F7 (Flyball, 7LS) | Batting: LHB Edmund Bilbrey | 0-0: Called Strike 0-1: Fly out, F9 (Line Drive, 9D) | Batting: LHB Scott Perkins | 0-0: Ball 1-0: Called Strike 1-1: Ground out 1-3 (Groundball, 13) | Bottom of the 2nd over - 0 runs, 0 hits, 0 errors, 0 left on base; Arkansas 1 - Nebraska 0 | TOP OF THE 3RD |
---|
Arkansas Razorbacks batting - Pitching for Nebraska Cornhuskers : LHP Randy Leonard | Batting: RHB Hank Brown | 0-0: Fly out, F8 (Flyball, 8LXD) | Batting: RHB Stuart Mitchell | 0-0: Called Strike 0-1: Swinging Strike 0-2: Ground out 4-3 (Groundball, 34) | Batting: RHB Peter Bannatyne | 0-0: Ball 1-0: Ball 2-0: Swinging Strike 2-1: Called Strike 2-2: Strikes out swinging | Top of the 3rd over - 0 runs, 0 hits, 0 errors, 0 left on base; Arkansas 1 - Nebraska 0 | BOTTOM OF THE 3RD |
---|
Nebraska Cornhuskers batting - Pitching for Arkansas Razorbacks : RHP William Stephens | Batting: RHB Pedro Martínez | 0-0: Ball 1-0: SINGLE (Flyball, 78S) | Batting: SHB Conner Whitney | 0-0: Ball 1-0: Fly out, F9 (Flyball, 9S) | Batting: RHB Ronald Hodge | 0-0: Called Strike 0-1: Swinging Strike 0-2: Strikes out swinging | Batting: RHB John Carr | 0-0: Ball Pedro Martínez steals 2nd base 1-0: Ground out 6-3 (Groundball, 6) | Bottom of the 3rd over - 0 runs, 1 hit, 0 errors, 1 left on base; Arkansas 1 - Nebraska 0 | TOP OF THE 4TH |
---|
Arkansas Razorbacks batting - Pitching for Nebraska Cornhuskers : LHP Randy Leonard | Batting: RHB Kyle Younger | 0-0: Ball 1-0: Fly out, F6 (Popup, 6M) | Batting: RHB Miguel Márquez | 0-0: Called Strike 0-1: Called Strike 0-2: Foul Ball, location: 2F 0-2: Ball 1-2: Strikes out swinging | Batting: LHB Edgardo Aguilar | 0-0: Ball 1-0: Ball 2-0: Called Strike 2-1: Ball 3-1: Base on Balls | Batting: LHB Conan Brown | 0-0: Ball 1-0: SINGLE (Groundball, 6) (infield hit) Edgardo Aguilar to second | Batting: RHB Ken Long | 0-0: SINGLE (Flyball, 89M) Edgardo Aguilar to third Conan Brown to second Runner from 3rd tries for Home, SAFE, throw made home | Batting: SHB Doug Thompson | 0-0: Ball 1-0: Ground out 4-3 (Groundball, 34) | Top of the 4th over - 1 run, 2 hits, 0 errors, 2 left on base; Arkansas 2 - Nebraska 0 | BOTTOM OF THE 4TH |
---|
Nebraska Cornhuskers batting - Pitching for Arkansas Razorbacks : RHP William Stephens | Batting: LHB Luis García | 0-0: Foul Ball, location: 2F 0-1: Foul Ball, location: 2F 0-2: Ball 1-2: Ball 2-2: Strikes out looking | Batting: LHB Wes Britton | 0-0: Fly out, F4 (Line Drive, 4) | Batting: SHB David Stanley | 0-0: Swinging Strike 0-1: Foul Ball, location: 2F 0-2: Ball 1-2: Foul Ball, location: 2F 1-2: Strikes out swinging | Bottom of the 4th over - 0 runs, 0 hits, 0 errors, 0 left on base; Arkansas 2 - Nebraska 0 | TOP OF THE 5TH |
---|
Arkansas Razorbacks batting - Pitching for Nebraska Cornhuskers : LHP Randy Leonard | Batting: RHB Hank Brown | 0-0: Ball 1-0: Called Strike 1-1: Foul Ball, location: 2F 1-2: Foul Ball, location: 2F 1-2: Ball 2-2: Ground out 4-3 (Groundball, 4MD) | Batting: RHB Stuart Mitchell | 0-0: Ball 1-0: Ball 2-0: Ball 3-0: Called Strike 3-1: Called Strike 3-2: Foul Ball, location: 2F 3-2: Strikes out looking | Batting: RHB Peter Bannatyne | 0-0: Ball 1-0: Foul Ball, location: 2F 1-1: Ball 2-1: Ball 3-1: Foul Ball, location: 2F 3-2: Hit by Pitch | Pitching: RHP Júlio Ramos | | Batting: RHB Kyle Younger | 0-0: Foul Ball, location: 2F 0-1: Ball 1-1: SINGLE (Groundball, 34D) Peter Bannatyne to second Runner from 2nd tries for 3rd, SAFE, throw made to third | Batting: RHB Miguel Márquez | 0-0: Ball 1-0: Swinging Strike 1-1: Foul Ball, location: 2F 1-2: Strikes out swinging | Top of the 5th over - 0 runs, 1 hit, 0 errors, 2 left on base; Arkansas 2 - Nebraska 0 | BOTTOM OF THE 5TH |
---|
Nebraska Cornhuskers batting - Pitching for Arkansas Razorbacks : RHP William Stephens | Batting: LHB Edmund Bilbrey | 0-0: Ball 1-0: Called Strike 1-1: Foul Ball, location: 2F 1-2: Foul Ball, location: 2F 1-2: Ground out 4-3 (Groundball, 4) | Batting: LHB Scott Perkins | 0-0: Called Strike 0-1: Called Strike 0-2: Ball 1-2: Foul Ball, location: 2F 1-2: Strikes out swinging | Batting: RHB Pedro Martínez | 0-0: Ball 1-0: Foul Ball, location: 2F 1-1: Ball 2-1: Ball 3-1: Called Strike 3-2: Base on Balls | Batting: SHB Conner Whitney | 0-0: Called Strike 0-1: Ball 1-1: Ball 2-1: Foul Ball, location: 2F 2-2: Ball 3-2: Foul Ball, location: 2F 3-2: Base on Balls Pedro Martínez to second | Batting: RHB Ronald Hodge | 0-0: Called Strike 0-1: Fly out, F8 (Flyball, 78M) | Bottom of the 5th over - 0 runs, 0 hits, 0 errors, 2 left on base; Arkansas 2 - Nebraska 0 | TOP OF THE 6TH |
---|
Arkansas Razorbacks batting - Pitching for Nebraska Cornhuskers : RHP Júlio Ramos | Batting: LHB Edgardo Aguilar | 0-0: Called Strike 0-1: Called Strike 0-2: Strikes out swinging | Pitching: RHP Terry King | | Batting: LHB Conan Brown | 0-0: Ball 1-0: SINGLE (Flyball, 78S) | Batting: RHB Ken Long | 0-0: SINGLE (Line Drive, 34) Conan Brown to second | Batting: SHB Doug Thompson | 0-0: Foul Ball, location: 2F 0-1: Fielders Choice at 2nd, 4-6 (Groundball, 4) Conan Brown to third | Batting: RHB Hank Brown | 0-0: Ball 1-0: Called Strike 1-1: SINGLE (Groundball, 4MD) Conan Brown scores Doug Thompson to second | Batting: RHB Stuart Mitchell | 0-0: Called Strike 0-1: Fielders Choice at 2nd, 5-4 (Groundball, 56) | Top of the 6th over - 1 run, 3 hits, 0 errors, 2 left on base; Arkansas 3 - Nebraska 0 | BOTTOM OF THE 6TH |
---|
Nebraska Cornhuskers batting - Pitching for Arkansas Razorbacks : RHP William Stephens | Batting: RHB John Carr | 0-0: SINGLE (Groundball, 34D) | Batting: LHB Luis García | 0-0: Ball 1-0: Fly out, F8 (Flyball, 8LD) | Pitching: RHP John Foster | | Batting: LHB Wes Britton | 0-0: Ball 1-0: Foul Ball, location: 2F 1-1: Swinging Strike 1-2: Ball 2-2: 2-RUN HOME RUN (Flyball, 9LD), Distance : 312 ft | Batting: SHB David Stanley | 0-0: Foul Ball, location: 2F 0-1: Foul Ball, location: 2F 0-2: Ball 1-2: Ball 2-2: Foul Ball, location: 2F 2-2: Fly out, F8 (Flyball, 89D) | Batting: LHB Edmund Bilbrey | 0-0: Foul Ball, location: 2F 0-1: Ball 1-1: Ball 2-1: Ball 3-1: Base on Balls | Batting: LHB Scott Perkins | 0-0: Called Strike 0-1: Ball 1-1: Ball 2-1: Fly out, F9 (Flyball, 9S) | Bottom of the 6th over - 2 runs, 2 hits, 0 errors, 1 left on base; Arkansas 3 - Nebraska 2 | TOP OF THE 7TH |
---|
Arkansas Razorbacks batting - Pitching for Nebraska Cornhuskers : RHP Terry King | Batting: RHB Peter Bannatyne | 0-0: Foul Ball, location: 2F 0-1: Swinging Strike 0-2: Ball 1-2: Ball 2-2: SINGLE (Line Drive, 7S) | Batting: RHB Kyle Younger | 0-0: Ball 1-0: Fly out, F9 (Line Drive, 9S) | Batting: RHB Miguel Márquez | 0-0: Called Strike 0-1: Ball 1-1: Ball 2-1: Ball 3-1: Foul Ball, location: 2F 3-2: Base on Balls Peter Bannatyne to second | Batting: LHB Edgardo Aguilar | 0-0: Swinging Strike 0-1: Ball 1-1: Swinging Strike 1-2: Foul Ball, location: 2F 1-2: Strikes out swinging | Batting: LHB Conan Brown | 0-0: Called Strike 0-1: Ball 1-1: Foul Ball, location: 2F 1-2: Strikes out swinging | Top of the 7th over - 0 runs, 1 hit, 0 errors, 2 left on base; Arkansas 3 - Nebraska 2 | BOTTOM OF THE 7TH |
---|
Nebraska Cornhuskers batting - Pitching for Arkansas Razorbacks : RHP John Foster | Batting: RHB Pedro Martínez | 0-0: Ball 1-0: Swinging Strike 1-1: Ball 2-1: Foul Ball, location: 2F 2-2: Strikes out looking | Batting: SHB Conner Whitney | 0-0: Ball 1-0: Fly out, F7 (Flyball, 78S) | Batting: RHB Ronald Hodge | 0-0: Ball 1-0: Called Strike 1-1: Ball 2-1: Called Strike 2-2: Ground out 5-3 (Groundball, 56S) | Bottom of the 7th over - 0 runs, 0 hits, 0 errors, 0 left on base; Arkansas 3 - Nebraska 2 | TOP OF THE 8TH |
---|
Arkansas Razorbacks batting - Pitching for Nebraska Cornhuskers : RHP Terry King | Batting: RHB Ken Long | 0-0: Called Strike 0-1: Ball 1-1: Ball 2-1: Swinging Strike 2-2: Ball 3-2: Foul Ball, location: 2F 3-2: Foul Ball, location: 2F 3-2: Foul Ball, location: 2F 3-2: Strikes out swinging | Batting: SHB Doug Thompson | 0-0: Ball 1-0: Ball 2-0: Ball 3-0: Base on Balls | Batting: RHB Hank Brown | 0-0: Called Strike 0-1: Ball 1-1: Ground out 5-3 (Groundball, 56S) Doug Thompson to second | Batting: RHB Stuart Mitchell | 0-0: SINGLE (Line Drive, 4MD) Doug Thompson to third | Batting: RHB Peter Bannatyne | 0-0: Called Strike 0-1: Ground out 4-3 (Groundball, 4) | Top of the 8th over - 0 runs, 1 hit, 0 errors, 2 left on base; Arkansas 3 - Nebraska 2 | BOTTOM OF THE 8TH |
---|
Nebraska Cornhuskers batting - Pitching for Arkansas Razorbacks : RHP John Foster | Batting: RHB John Carr | 0-0: Ball 1-0: Ball 2-0: Swinging Strike 2-1: SINGLE (Groundball, 4MD) | Pitching: RHP Dale Schneider | | Batting: LHB Luis García | 0-0: Ball 1-0: Ball 2-0: Foul Ball, location: 2F 2-1: Fielders Choice at 2nd, 1-6 (Groundball, P) | Batting: LHB Wes Britton | 0-0: Foul Ball, location: 2F 0-1: Swinging Strike 0-2: TRIPLE (Line Drive, 8LXD) Luis García scores | Batting: SHB David Stanley | 0-0: Intentional Walk | Batting: LHB Edmund Bilbrey | 0-0: Foul Ball, location: 2F 0-1: Foul Ball, location: 2F 0-2: Strikes out looking | Batting: LHB Scott Perkins | 0-0: DOUBLE (Line Drive, 89D) Wes Britton scores David Stanley to third Runner from 3rd tries for Home, SAFE, no throw | Batting: RHB Pedro Martínez | 0-0: Swinging Strike 0-1: Foul Ball, location: 2F 0-2: Ball 1-2: Foul Ball, location: 2F 1-2: Foul Ball, location: 2F 1-2: Ground out 5-3 (Groundball, 56S) | Bottom of the 8th over - 3 runs, 3 hits, 0 errors, 1 left on base; Arkansas 3 - Nebraska 5 | TOP OF THE 9TH |
---|
Arkansas Razorbacks batting - Pitching for Nebraska Cornhuskers : RHP Terry King | Pitching: RHP José Carmona | | Now in RF: Guy Bullard | | Batting: RHB Kyle Younger | 0-0: Called Strike 0-1: Ball 1-1: SOLO HOME RUN (Flyball, 7LD), Distance : 327 ft | Batting: RHB Miguel Márquez | 0-0: Foul Ball, location: 2F 0-1: Ball 1-1: Swinging Strike 1-2: Strikes out swinging | Batting: LHB Edgardo Aguilar | 0-0: SINGLE (Groundball, 4MD) | Batting: LHB Conan Brown | 0-0: Ball 1-0: Foul Ball, location: 2F 1-1: Ball 2-1: Ball 3-1: Base on Balls Edgardo Aguilar to second | Batting: RHB Ken Long | 0-0: Called Strike 0-1: Swinging Strike 0-2: Ball 1-2: Strikes out swinging | Batting: SHB Doug Thompson | 0-0: Called Strike 0-1: Foul Ball, location: 2F 0-2: Foul Ball, location: 2F 0-2: Ball 1-2: Foul Ball, location: 2F 1-2: Foul Ball, location: 2F 1-2: Ball 2-2: Strikes out swinging | Top of the 9th over - 1 run, 2 hits, 0 errors, 2 left on base; Arkansas 4 - Nebraska 5 | |